 Dungeon Crawl Stone Soup version 0.30.1-9-gdf580d7c3d (webtiles) character file.

Game seed: 14044003280196628395

30 booth the Conjurer (level 3, -2/30 HPs)
             Began as a Draconian Reaver on Oct 16, 2023.
             Splashed by a jelly's acid (10 damage)
             ... on level 4 of the Dungeon.
             The game lasted 00:04:04 (657 turns).

booth the Conjurer (Draconian Reaver)                Turns: 657, Time: 00:04:04

Health: -2/30      AC: -2    Str: 20    XL:     3   Next: 3%
Magic:  6/6        EV: 12    Int: 13    God:
Gold:   78         SH:  0    Dex: 11    Spells: 3/6 levels left

rFire   . . .        a - +0 hand axe
rCold   . . .        (no shield)
rNeg    . . .        (body armour unavailable)
rPois   .            (helmet restricted)
rElec   .            (no cloak)
rCorr   .            (no gloves)
SInv    .            f - +0 pair of boots
Will    .....        (no amulet)
Stlth   +            d - +6 ring of strength
HPRegen 0.25/turn    (no ring)
MPRegen 0.10/turn

%: no passive effects
@: corroded
A: AC +5, unfitting armour, cold-blooded
a: no special abilities


You were on level 4 of the Dungeon.
You visited 1 branch of the dungeon, and saw 3 of its levels.

You collected 78 gold pieces.

Inventory:

Hand Weapons
 a - a +0 hand axe (weapon)
Missiles
 g - 8 poisoned darts
Armour
 f - a +0 pair of boots (worn)
Jewellery
 d - a +6 ring of strength (left hand)
Scrolls
 e - a scroll of enchant weapon {unknown}
Potions
 b - a potion of curing
 c - a potion of flight {unknown}


   Skills:
 + Level 2.6 Fighting
 + Level 3.2 Axes
 + Level 2.1 Dodging
 + Level 2.3 Spellcasting
 + Level 3.2 Conjurations


You had 3 spell levels left.
You knew the following spells:

 Your Spells              Type           Power      Damage    Failure   Level
a - Kiss of Death         Conj/Necr      20%        2d7       13%         1
b - Momentum Strike       Conj/Tloc      10%        3d8       19%         2

Your spell library contained the following spells:

 Spells                   Type           Power      Damage    Failure   Level
 Hailstorm                Conj/Ice       5%         3d4       36%         3


Dungeon Overview and Level Annotations

Branches:
Dungeon (2/15)

Altars:


Innate Abilities, Weirdness & Mutations

Your plain brown scales are hard. (AC +5)
You cannot fit into any form of body armour.
You are cold-blooded and may be slowed by cold attacks.


Message History

The quokka is almost dead.
The quokka bites you but does no damage.
The quokka bites you.
You hit the orc.
The orc is lightly wounded.
You hit the quokka.
You kill the quokka!
The orc closely misses you.
You hit the orc.
The orc is moderately wounded.
The orc hits you with a +0 club.
You barely miss the orc. You tail-slap the orc.
You kill the orc!
You have reached level 3!
Your experience leads to an increase in your attributes!
Your base attributes are Str 14, Int 13, Dex 9.
Increase (S)trength, (I)ntelligence, or (D)exterity?
You feel agile. x2; Your scales feel tougher.
You start resting.
A kobold comes into view. It is wielding a +0 short sword.
The kobold shouts!
You hear a shout!
You slash the kobold!
You kill the kobold!
A jelly comes into view.
The endoplasm quivers.
You hit the jelly but do no damage.
Your hands burn!
The jelly hits you but does no damage.
A kobold comes into view. It is wielding a +0 short sword.
You hit the jelly.
Your hands burn!
You tail-slap the jelly.
The jelly is heavily wounded.
The jelly hits you. The acid corrodes you!
You are splashed with acid!
You barely miss the jelly.
The jelly is heavily wounded.
The jelly closely misses you.
You hit the jelly.
Your hands burn!
The jelly is severely wounded.
You hit the kobold. The jelly hits you.
* * * LOW HITPOINT WARNING * * *
The acid corrodes you!
You are splashed with acid!
You die...

.. #....# .o..♣ #..
#....# .....
..###.##....#......
............#......
......#............
..♣.. ##....#......


r~P #....#####.. ~~~ #..K)# ~J #..J@# ~ P.....### ......# ...... ...... .....
.#.. You could see a jelly and a kobold.

Vanquished Creatures
  An orc (D:4)
  A ball python (D:1)
  5 bats (D:1)
  3 endoplasms (D:1)
  A giant cockroach (D:1)
  4 hobgoblins (D:1)
  2 quokkas
  A frilled lizard (D:1)
  3 goblins (D:1)
  3 kobolds
24 creatures vanquished.

Notes
Turn   | Place    | Note
-------+----------+-------------------------------------------
     0 | D:1      | booth the Draconian Reaver began the quest for the Orb.
     0 | D:1      | Reached XP level 1. HP: 17/17 MP: 3/3
   146 | D:1      | Reached XP level 2. HP: 25/25 MP: 5/5
   152 | D:1      | Learned a level 2 spell: Momentum Strike
   604 | D:2      | You fall into a shaft and drop 2 floors!
   630 | D:4      | Reached XP level 3. HP: 24/30 MP: 6/6
   657 | D:4      | Splashed by a jelly's acid

Illustrated notes

Levels and vault maps discovered:
D:1:      matt_arrival_refuge, layout_rooms
D:2:      layout_basic, serial_curves, eino_curves_04, eino_curves_01,
          minivault_19, roderic_roman_lattice
D:4:      layout_basic, serial_shops, nicolae_shop_gaudy_bauble, serial_bayou,
          serial_bayou_pond_e, serial_bayou_pond_b, serial_bayou_pond_a,
          serial_bayou_pond_b, serial_bayou_pond_a, uniq_duvessa

Skill      XL: |  1  2 |
---------------+-------+-----
Dodging        | 2 |  2.1
Fighting       | |  2.6
Axes           | |  3.2
Spellcasting   | |  2.3
Conjurations   | |  3.2

Action                     || total
---------------------------++-------
  Melee: Hand axe          ||    72
         Punch             ||     1
         Tailslap          ||     5
    Use: Scroll            ||     2
         Potion            ||     1
 Armour: Skin              ||    30
  Dodge: Dodged            ||    60
